 Dungeon Crawl Stone Soup version 0.17.0-24-gcfadda4 (webtiles) character file.

513 oplop the Changer (level 7, -17/46 HPs)
             Began as an Octopode Transmuter on Nov 15, 2015.
             Demolished by Menkaure (21 damage)
             ... on level 4 of the Dungeon.
             The game lasted 00:11:30 (4713 turns).

oplop the Changer (Octopode Transmuter)             Turns: 4713, Time: 00:11:30

Health: -17/46     AC:  2    Str: 11    XL:     7   Next: 20%
Magic:  10/12      EV: 19    Int: 16    God:
Gold:   225        SH:  0    Dex: 17    Spells: 3 memorised, 5 levels left

rFire  . . .     SeeInvis .       - Unarmed
rCold  . . .     Clarity  .     (shield currently unavailable)
rNeg   . . .     SustAt   .     (helmet currently unavailable)
rPois  .         Gourm    .     k - amulet of regeneration
rElec  .         Spirit   .     e - ring of poison resistance
rCorr  .         Warding  .     (no ring)
rMut   .         Stasis   .     (no ring)
MR     .....                    (no ring)
Stlth  ++........               (no ring)
                                (no ring)
                                (no ring)
                                (no ring)

@: spider-form, not resistant to hostile enchantments, unstealthy
A: almost no armour, amphibious, 8 rings, (constrict 8), (camouflage 0),
(gelatinous body 0)
a: End Transformation


You were on level 4 of the Dungeon.
You were hungry.
You were a venomous arachnid creature.
You visited 1 branch of the dungeon, and saw 4 of its levels.

You collected 225 gold pieces.

Inventory:

Hand Weapons
 a - a +0 dagger (melded)
 b - a +0 blowgun
Missiles
 j - 37 arrows
 s - 11 poisoned needles
Jewellery
 e - a ring of poison resistance (left front leg)
 k - an amulet of regeneration (around neck)
Scrolls
 f - a scroll of random uselessness {unknown}
 g - a scroll of recharging
 h - a scroll of fog {unknown}
 o - a scroll of remove curse
 p - 2 scrolls of identify {unknown}
 q - 2 scrolls of teleportation {unknown}
Potions
 d - a potion of might {unknown}
 i - a potion of invisibility {unknown}
 l - a potion of beneficial mutation {unknown}
 m - a potion of curing {unknown}
 n - a potion of cancellation {unknown}
 v - a potion of cure mutation {unknown}
Books
 r - a book of Changes

   Spells                             Type                      Level
   a - Beastly Appendage              Transmutation                1
   b - Sticks to Snakes               Transmutation                2
   c - Spider Form                    Transmutation/Poison         3
   d - Ice Form                       Ice/Transmutation            4
   e - Blade Hands                    Transmutation                5
Comestibles
 c - 3 bread rations
 t - a meat ration
 u - a beef jerky


   Skills:
 - Level 3.0 Fighting
 - Level 2.0 Dodging
 + Level 3.6 Unarmed Combat
 + Level 3.8 Spellcasting
 * Level 5.4 Transmutations
 * Level 0.8 Ice Magic


You had 5 spell levels left.
You knew the following spells:

 Your Spells              Type           Power        Failure   Level  Hunger
a - Beastly Appendage     Trmt           ###...       8%          1    None
b - Spider Form           Trmt/Pois      ##........   36%         3    ###....
c - Ice Form              Ice/Trmt       ##......     71%         4    ####...


Dungeon Overview and Level Annotations

Branches:
Dungeon (4/15)
 Temple: D:4-7

Altars:

Annotations:
D:4 Menkaure


Innate Abilities, Weirdness & Mutations

You cannot wear most types of armour.
You are amphibious.
You can wear up to eight rings at the same time.
((You can use your tentacles to constrict eight enemies at once.))
((Your skin changes colour to match your surroundings (Stealth).))
((Your rubbery body absorbs attacks (AC +1).))


Message History

Your +0 dagger melds into your body.
Menkaure calls on the powers of darkness!
Your body is wracked with pain!
You hit Menkaure but do no damage. Menkaure barely misses you.
You hit Menkaure.
Menkaure is lightly damaged.
Menkaure hits you!!
Ouch! That really hurt!
* * * LOW HITPOINT WARNING * * *
You hit Menkaure but do no damage.
Menkaure is lightly damaged.
You bite Menkaure!
Menkaure is heavily damaged.
Menkaure calls on the powers of darkness!
Your body is wracked with pain!
* * * LOW HITPOINT WARNING * * *
You hit Menkaure.
Menkaure is heavily damaged.
Menkaure hits you!!
You die...

#####################........#.##
#........#.## #........#.##
###### #........#.#. .....#
##.##..###.#. ####.# #.###.###.#.
.....############## #)# #..#....
..................####.# ##.#..##
############....sM...#.####.#..#
# #.........#....)....# #
#.........######..#.# #
#.........# ##.#.# #######
#.........#######)#.## ......#
#.........#........... #####.#
#.........#....†...... ......#
#.........#........... ####..# #
#...........


You could see Menkaure.

Vanquished Creatures
  2 water moccasin skeletons (D:4)
  A scorpion (D:4)
  An orc priest (D:4)
  2 orc wizards (D:4)
  4 worker ants
  A hound skeleton (D:4)
  9 adders
  A gnoll (D:1)
  An ooze (D:3)
  3 worms
  2 giant geckos
  14 orcs
  A ball python (D:3)
  7 bats
  4 hobgoblins
  5 jackals
  5 kobolds
  A quokka (D:4)
  2 giant cockroaches (D:3)
  2 giant newts
  5 goblins
  10 rats
83 creatures vanquished.

Notes
Turn   | Place    | Note
--------------------------------------------------------------
     0 | D:1      | oplop the Octopode Transmuter began the quest for the Orb.
     0 | D:1      | Reached XP level 1. HP: 13/13 MP: 3/3
   235 | D:1      | Reached XP level 2. HP: 18/18 MP: 5/5
   667 | D:2      | Reached XP level 3. HP: 22/24 MP: 4/6
  1176 | D:2      | Reached XP level 4. HP: 29/29 MP: 4/8
  1483 | D:2      | Learned a level 3 spell: Spider Form
  2670 | D:3      | Reached XP level 5. HP: 24/35 MP: 7/9
  2836 | D:3      | Noticed a moth of wrath
  2928 | D:3      | Reached skill level 4 in Transmutations
  4149 | D:4      | Reached XP level 6. HP: 39/42 MP: 6/11
  4406 | D:4      | Reached skill level 5 in Transmutations
  4554 | D:4      | Reached XP level 7. HP: 43/46 MP: 7/12
  4597 | D:4      | Learned a level 4 spell: Ice Form
  4704 | D:4      | Noticed Menkaure
  4713 | D:4      | Demolished by Menkaure

Action                   |  1- 3 |  4- 6 |  7- 9 || total
-------------------------+-------+-------+-------++-------
Melee: Unarmed           |    34 |    80 |    19 ||   133
       Dagger            |     7 |   120 |       ||   127
 Fire: Blowgun           |       |     3 |       ||     3
 Cast: Beastly Appendage |    10 |    22 |       ||    32
       Spider Form       |       |    17 |     2 ||    19
  Use: Scroll            |       |     3 |       ||     3
       Potion            |       |     1 |       ||     1
 Stab: Sleeping          |     2 |     1 |       ||     3
  Eat: Chunk             |       |     5 |       ||     5
       Meat ration       |       |     1 |       ||     1
       Bread ration      |       |     1 |       ||     1
